 Dungeon Crawl Stone Soup version 0.28-a0-938-gbc3f381ebc (console) character file.

Game seed: 17434458295303355900

24899 petzl the Destroyer (level 13, -5/90 HPs)
             Began as an Octopode Arcane Marksman on Nov 29, 2021.
             Was an Elder of Vehumet.
             Slain by a starcursed mass (10 damage)
             ... on level 3 of the Abyss on Nov 30, 2021.
             The game lasted 02:10:33 (21168 turns).

petzl the Destroyer (Octopode Arcane Marksman)     Turns: 21168, Time: 02:10:35

Health: -5/90      AC:  1    Str:  6    XL:     13   Next: 16%
Magic:  20/35      EV: 20    Int: 22    God:    Vehumet [****..]
Gold:   707        SH:  6    Dex: 17    Spells: 14/31 levels left

rFire   + + +      SeeInvis .   b - +6 hunting sling {venom, +Blink Will+++ Str-4 Dex+3}
rCold   + . .      Faith    +   W - +1 buckler {rF+}
rNeg    + . .      Spirit   .   (helmet restricted)
rPois   .          Reflect  .   S - amulet of faith
rElec   .          Harm     .   m - +6 ring of dexterity
rCorr   .          Rampage  .   p - ring of wizardry
Will    ++++.      Rnd*Tele +   v - +4 ring of evasion
Stlth   ++++++....              A - ring of protection from fire
HPRegen 0.25/turn               M - +6 ring of intelligence
MPRegen 0.24/turn               F - ring "Esummonn" {rC+ rN+ MP+9 Slay+3}
                                V - ring of protection from fire
                                Y - ring of willpower

@: on blink cooldown, unable to read
A: almost no armour, amphibious, 8 rings, camouflage 1, gelatinous body 1,
(nimble swimmer 1), tentacles, [clumsy 2], [deterioration 2], [dopey 2],
[screaming 2], [teleportitis 2], [no potion heal 2], [inability to read while
threatened]
a: Renounce Religion, Evoke Blink


You were on level 3 of the Abyss.
You worshipped Vehumet.
Vehumet was greatly pleased with you.
You visited 3 branches of the dungeon, and saw 17 of its levels.
You visited the Abyss 1 time.

You collected 954 gold pieces.
You spent 247 gold pieces at shops.

Inventory:

Hand Weapons
 a - a +2 short sword of electrocution
 b - the +6 hunting sling "Jeeruri" (weapon) {venom, +Blink Will+++ Str-4 Dex+3}
   (You found it on level 4 of the Dungeon)

   Any ammunition fired from it poisons the flesh of those it strikes.
   Str:       It affects your strength (-4).
   Dex:       It affects your dexterity (+3).
   +Blink:    It lets you blink.
   Will:      It greatly increases your willpower.
 c - a +0 hand crossbow
 C - a +1 trident of freezing
 H - a +1 vorpal long sword
 J - a +2 flail of holy wrath
 O - a +4 scimitar of flaming
Missiles
 i - a throwing net
 s - 63 sling bullets (quivered ammo)
 t - 89 bolts
 E - 2 javelins
 R - a curare-tipped dart {!*}
Armour
 W - a +1 buckler of fire resistance (worn)
Jewellery
 m - a +6 ring of dexterity (left tentacle)
 p - a ring of wizardry (right tentacle)
 v - a +4 ring of evasion (on tentacle)
 w - a +6 ring of strength
 A - a ring of protection from fire (on tentacle)
 F - the ring "Esummonn" (on tentacle) {rC+ rN+ MP+9 Slay+3}
   (You acquired it on level 9 of the Dungeon)

   [ring of protection from cold]

   Slay:      It affects your accuracy & damage with ranged weapons and melee
   (+3).
   rC:        It protects you from cold.
   rN:        It protects you from negative energy.
   MP:        It affects your magic capacity (+9).
 L - an amulet of the acrobat
 M - a +6 ring of intelligence (on tentacle)
 S - an amulet of faith (around mantle)
 V - a ring of protection from fire (on tentacle)
 Y - a ring of willpower (on tentacle)
Wands
 h - a wand of iceblast (10)
 q - a wand of mindburst (3)
 z - a wand of flame (53)
 T - a wand of acid (3)
Scrolls
 d - 2 scrolls of enchant armour {unknown}
 e - a scroll of silence {unknown}
 f - 3 scrolls of amnesia
 j - 5 scrolls of vulnerability
 l - 2 scrolls of blinking
 u - 2 scrolls of fog
 x - 3 scrolls of enchant weapon
 B - 2 scrolls of fear
 G - a scroll of magic mapping
 N - a scroll of teleportation
 U - a scroll of torment {unknown}
 Z - a scroll of brand weapon {unknown}
Potions
 g - a potion of mutation {unknown}
 k - 2 potions of heal wounds
 n - 4 potions of ambrosia
 r - 2 potions of resistance
 D - 2 potions of flight
 I - a potion of cancellation {unknown}
 K - a potion of lignification {unknown}
 P - a potion of brilliance {unknown}
 Q - a potion of magic {unknown}
 X - a potion of might {unknown}


   Skills:
 + Level 9.6 Fighting
 - Level 4.0 Crossbows
 - Level 6.0 Dodging
 - Level 10.0 Stealth
 - Level 4.0 Shields
 + Level 9.8 Spellcasting
 + Level 10.2 Conjurations
 - Level 3.0 Hexes
 - Level 5.5 Air Magic
 - Level 3.0 Earth Magic
 - Level 4.0 Poison Magic
 - Level 4.0 Evocations


You had 14 spell levels left.
You knew the following spells:

 Your Spells              Type           Power      Damage    Failure   Level
a - Slow                  Hex            96%        N/A       1%          1
b - Magic Dart            Conj           100%       1d8       1%          1
c - Stone Arrow           Conj/Erth      78%        3d11      1%          3
d - Lightning Bolt        Conj/Air       22%        1d38      1%          5
f - Conjure Flame         Conj/Fire      33%        6-21      1%          3
m - Mephitic Cloud        Conj/Pois/Air  39%        N/A       1%          3
P - Apportation           Tloc           20%        N/A       2%          1

Your spell library contained the following spells:

 Spells                   Type           Power      Damage    Failure   Level
 Sandblast                Erth           48%        2d12      1%          1
 Passwall                 Tmut/Erth      14%        N/A       1%          2
 Inner Flame              Hex/Fire       17%        N/A       1%          3
 Animate Skeleton         Necr           20%        N/A       2%          1
 Summon Small Mammal      Summ           40%        N/A       2%          1
 Call Imp                 Summ           10%        N/A       4%          2
 Portal Projectile        Hex/Tloc       34%        N/A       4%          3
 Cause Fear               Hex            12%        N/A       8%          4


Dungeon Overview and Level Annotations

Branches:
Dungeon (15/15)            Temple (1/1) D:7            Lair (1/6) D:9
    Orc (0/2) D:10
 Vaults: D:13-14     Depths: D:15

Altars:
Ashenzari
Cheibriados
Elyvilon
Fedhas
Gozag
Kikubaaqudgha
Nemelex Xobeh
Okawaru
Qazlal
Ru
Trog
Vehumet
Zin

Shops:
D:9 !   D:14 [[(   D:15 :

Portals:
Trove: D:12 (show abyssal rune of Zot)

Annotations:
D:6 !deathyak, exclusion: vampire
D:7 exclusion: 2 downstairs
D:8 exclusion: downstairs
D:9 exclusion: downstairs
D:11 exclusion: upstairs
D:13 exclusion: upstairs
D:14 exclusion: downstairs


Innate Abilities, Weirdness & Mutations

You cannot wear most types of armour.
You are amphibious.
You can wear up to eight rings at the same time.
Your skin changes colour to match your surroundings (Stealth+).
Your rubbery body absorbs attacks. (AC +1, EV +1)
((You are camouflaged near water. (Stealth+)))
You have tentacles for arms and can constrict up to eight enemies at once.
[You are very clumsy. (Dex -4)]
[Your body often deteriorates upon taking damage.]
[You are very dopey. (Int -4)]
[You frequently scream uncontrollably at your foes.]
[You are sometimes teleported next to monsters.]
[Potions cannot restore your health.]
[You sometimes lose the ability to read scrolls when taking damage.]


Message History

You hear a shout! x2
The thrashing horror tramples you.
* * * LOW HITPOINT WARNING * * *
You hold your ground!
The thrashing horror misses you.
The worldbinder calls forth creatures from the Shoals!
The manticore bites you but does no damage.
The manticore barely misses you. The manticore claws you!
* * * LOW HITPOINT WARNING * * *
The starcursed mass barely misses you.
Unknown command.
Unknown command.
Unknown command.
Unknown command.
Unknown command.
Unknown command.
You cannot read scrolls in your current state!
Unknown command.
Unknown command.
Unknown command.
You cannot read scrolls in your current state!
Unknown command.
Unknown command.
Okay, then.
Unknown command.
Unknown command.
Unknown command.
Okay, then.
Okay, then.
Unknown command.
Unknown command.
Unknown command.
Really remove
S - an amulet of faith?
You block the thrashing horror's attack.
Keep disrobing?
The thrashing horror barely misses you. The thrashing horror tramples you.
* * * LOW HITPOINT WARNING * * *
You hold your ground!
The thrashing horror tramples you.
* * * LOW HITPOINT WARNING * * *
You hold your ground!
The starcursed mass touches you!
You die...

# ### ##
#..##X##..#
##.X@X#
#.*XHx#
#.N#tt#
#...*x#
##...##
.##φ##X.§...
.. ## ..####
#. ###


You could see 3 starcursed masses, a tentacled starspawn, a nagaraja, 2 wretched
stars, 2 snapping turtles, an ancient zyme, a manticore (summoned), a thrashing
horror and a worldbinder.

Vanquished Creatures
  Harold (D:8)
  A boulder beetle (D:10)
  A hydra (D:11)
  A centaur warrior (D:13)
  4 two-headed ogres
  A wretched star (Abyss:3)
  Pikel (D:8)
  2 deep elf pyromancers
  A necromancer (D:14)
  A manticore (D:11)
  6 ugly things (D:14)
  2 cyclopes
  A smoke demon (Abyss:3)
  Joseph (D:8)
  A kobold demonologist (D:10)
  An efreet (D:10)
  3 unseen horrors
  Maggie (D:8)
  A komodo dragon (D:11)
  3 meliai (D:13)
  3 trolls
  A polar bear (Lair:1)
  A queen bee (D:9)
  A hornet (D:11)
  7 slime creatures
  Prince Ribbit (D:7)
  A shadow (D:8)
  A vampire (D:10)
  2 wraiths
  A wyvern (D:9)
  10 humans (D:14)
  8 vampire mosquitoes
  3 water moccasins
  An ice beast (D:5)
  2 necrophages (D:6)
  3 black bears
  5 orc warriors
  2 ogres (D:5)
  4 lemures (D:8)
  9 centaurs
  A bullfrog (D:9)
  2 kobold brigands
  A gnoll sergeant (D:9)
  4 scorpions
  A water moccasin skeleton (D:6)
  26 killer bees
  12 wights
  4 howler monkeys
  3 centaur zombies
  2 centaur skeletons
  2 orc priests
  A gnoll shaman (D:9)
  2 jellies
  3 hounds
  5 iguanas
  7 orc wizards
  2 hell rats
  A small abomination (Abyss:3)
  A killer bee zombie (D:8)
  A hound skeleton (D:2)
  A howler monkey zombie (D:8)
  7 adders
  6 gnolls
  2 shadow imps
  A white imp (D:8)
  An adder skeleton (D:4)
  3 worms
  3 dart slugs
  24 orcs
  3 ball pythons
  6 endoplasms
  3 giant cockroaches
  8 goblins
  7 hobgoblins
  2 jackals (D:1)
  3 quokkas
  12 bats
  5 frilled lizards
  14 kobolds
  6 rats
298 creatures vanquished.

Vanquished Creatures (others)
  2 plants (Lair:1)
2 creatures vanquished.

Grand Total: 300 creatures vanquished

Notes
Turn   | Place    | Note
-------+----------+-------------------------------------------
     0 | D:1      | petzl the Octopode Arcane Marksman began the quest for the
                  | Orb.
     0 | D:1      | Reached XP level 1. HP: 13/13 MP: 2/2
   208 | D:1      | Reached XP level 2. HP: 18/18 MP: 3/3
   312 | D:1      | Reached skill level 1 in Stealth
   742 | D:1      | Reached XP level 3. HP: 23/23 MP: 5/5
  1433 | D:2      | Found a faded altar of an unknown god.
  1643 | D:2      | Reached XP level 4. HP: 15/29 MP: 6/6
  3388 | D:4      | Reached XP level 5. HP: 28/34 MP: 6/8
  3609 | D:4      | Identified the +6 hunting sling "Jeeruri" {venom, +Blink
                  | Will+++ Str-4 Dex+3}
  3805 | D:4      | Noticed a black bear
  4192 | D:4      | Reached XP level 6. HP: 41/41 MP: 9/9
  4324 | D:5      | Entered Level 5 of the Dungeon
  4444 | D:5      | Noticed a black bear
  4451 | D:5      | Killed a black bear
  4541 | D:4      | Killed a black bear
  4542 | D:4      | Reached XP level 7. HP: 46/46 MP: 11/11
  5006 | D:5      | Reached skill level 5 in Stealth
  5006 | D:5      | Reached skill level 1 in Evocations
  5067 | D:5      | Reached XP level 8. HP: 54/54 MP: 13/13
  6083 | D:6      | Noticed a vampire
  6342 | D:6      | Reached skill level 5 in Dodging
  6342 | D:6      | Reached skill level 5 in Spellcasting
  6400 | D:6      | Reached XP level 9. HP: 59/59 MP: 16/16
  7482 | D:7      | Found a staircase to the Ecumenical Temple.
  7491 | Temple   | Entered the Ecumenical Temple
  7666 | Temple   | Became a worshipper of Vehumet
  8224 | D:7      | Reached skill level 5 in Fighting
  8506 | D:8      | Noticed Harold
  8569 | D:8      | Noticed Pikel
  9126 | D:8      | Noticed Joseph
  9385 | D:9      | Noticed a death yak
  9677 | D:8      | Killed Pikel
 10319 | D:8      | Learned a level 1 spell: Magic Dart
 10323 | D:8      | Learned a level 3 spell: Mephitic Cloud
 10377 | D:8      | Reached skill level 1 in Conjurations
 10377 | D:8      | Reached skill level 1 in Poison Magic
 10394 | D:8      | Noticed Maggie
 10414 | D:8      | Noticed Prince Ribbit
 10430 | D:7      | Killed Prince Ribbit
 10431 | D:7      | Reached skill level 1 in Air Magic
 10431 | D:7      | Reached XP level 10. HP: 65/67 MP: 20/20
 10485 | D:8      | Killed Harold
 10825 | D:8      | Killed Joseph
 10855 | D:8      | Killed Maggie
 11602 | D:9      | Noticed a death yak
 11602 | D:9      | Noticed a death yak
 11872 | D:8      | Reached * piety under Vehumet
 11872 | D:8      | Offered knowledge of Shock by Vehumet.
 11982 | D:9      | Reached skill level 5 in Conjurations
 12519 | D:9      | Found a staircase to the Lair.
 12559 | Lair:1   | Entered Level 1 of the Lair of Beasts
 12714 | Lair:1   | Noticed a cane toad
 13097 | D:10     | Entered Level 10 of the Dungeon
 13281 | D:10     | Found a staircase to the Orcish Mines.
 13314 | D:10     | Noticed a kobold demonologist
 14043 | D:10     | Noticed a two-headed ogre
 14137 | D:9      | Found Ifyxtaun's Distillery.
 14143 | D:9      | Found a white marble altar of Elyvilon.
 14146 | D:9      | Found a broken altar of Ashenzari.
 14154 | D:9      | Learned a level 3 spell: Stone Arrow
 14202 | D:9      | Reached XP level 11. HP: 72/72 MP: 16/21
 14313 | D:9      | Offered knowledge of Static Discharge by Vehumet.
 14364 | D:9      | Reached skill level 1 in Earth Magic
 14373 | D:9      | Reached ** piety under Vehumet
 14749 | D:10     | Killed a two-headed ogre
 15279 | D:10     | Noticed a cyclops
 15479 | D:10     | Noticed a boulder beetle
 15546 | D:11     | Noticed a manticore
 15561 | D:11     | Acquired the ring "Esummonn" {rC+ rN+ MP+9 Slay+3}
 15801 | D:11     | Noticed a two-headed ogre
 15935 | D:11     | Noticed a five-headed hydra
 15956 | D:11     | Killed a two-headed hydra
 15957 | D:11     | Reached skill level 5 in Air Magic
 16137 | D:10     | Killed a two-headed ogre
 16137 | D:10     | Offered knowledge of Frozen Ramparts by Vehumet.
 16138 | D:10     | Reached skill level 10 in Stealth
 16405 | D:10     | Killed a cyclops
 16433 | D:10     | Killed a boulder beetle
 17399 | D:12     | Noticed a two-headed ogre
 17405 | D:12     | Killed a two-headed ogre
 17406 | D:12     | Reached XP level 12. HP: 81/81 MP: 24/24
 18117 | D:12     | Noticed a two-headed ogre
 18131 | D:12     | Killed a two-headed ogre
 18131 | D:12     | Reached *** piety under Vehumet
 18194 | D:13     | Noticed a seven-headed hydra
 18288 | D:12     | Found a portal to a secret trove of treasure.
 18495 | D:13     | Noticed a centaur warrior
 18510 | D:13     | Killed a centaur warrior
 18629 | D:13     | Noticed an eight-headed hydra
 18656 | D:15     | Entered Level 15 of the Dungeon
 18688 | D:15     | Found Pinn's Book Shop.
 18722 | D:14     | Found Qesih's Antique Armour Boutique.
 18730 | D:14     | Bought a runed buckler for 247 gold pieces
 18916 | D:12     | Reached skill level 1 in Shields
 19994 | D:14     | Found Kudaitis's Weapon Shop.
 20062 | D:14     | Learned a level 1 spell: Apportation
 20172 | D:14     | Offered knowledge of Conjure Flame by Vehumet.
 20177 | D:14     | Learned a level 3 spell: Conjure Flame
 20772 | D:14     | Found Loekhum's Antique Armour Boutique.
 20876 | D:14     | Reached XP level 13. HP: 90/90 MP: 20/26
 20898 | D:14     | Reached **** piety under Vehumet
 20899 | D:14     | Reached skill level 10 in Conjurations
 20920 | D:14     | Cast into level 3 of the Abyss (a wizard)
 20950 | Abyss:3  | Noticed a tentacled monstrosity
 21000 | Abyss:3  | Offered knowledge of Lightning Bolt by Vehumet.
 21007 | Abyss:3  | Learned a level 5 spell: Lightning Bolt
 21164 | Abyss:3  | Noticed a starcursed mass
 21164 | Abyss:3  | Noticed a nagaraja
 21164 | Abyss:3  | Noticed a tentacled starspawn
 21164 | Abyss:3  | Noticed a nagaraja
 21168 | Abyss:3  | Slain by a starcursed mass

Illustrated notes

Levels and vault maps discovered:
D:1:      lightli_molten_gateway, layout_basic, minmay_tall_x
D:2:      layout_basic, shapermc_ecumenical_altar_mp_highgroup
D:3:      layout_loops_corners, nicolae_concentric_dashed_squares_wild,
          wad_floor_pattern_1, grunt_ministairs_7
D:4:      layout_gridville
D:5:      layout_loops_ring
D:6:      layout_rooms, chequers_serial_rivers_micro_b, amethyst_killhole
D:7:      layout_layer_cave, minmay_temple_entry_tees
D:8:      layout_basic, uniq_joseph, uniq_prince_ribbit1, uniq_harold,
          uniq_maggie, uniq_pikel
D:9:      layout_rooms, chequers_temple_overflow_statue_of_worship,
          dpeg_lair_monsters, serial_shops, shop_statue, minivault_7
D:10:     layout_big_octagon, orc_david_3, minmay_mirror_moons_of_madness
D:11:     layout_loops_ring
D:12:     layout_loops_cross, nicolae_trove_entry_crystal
D:13:     layout_basic
D:14:     layout_irregular_city, grunt_vaults_entry_tiered,
          chequers_serial_rivers_micro_e, serial_shops, nicolae_shop_waterfront,
          nicolae_shop_waterfront, shop
D:15:     grunt_enter_depths_snipers, layout_loops_ring, serial_shops,
          shop_statue, uniq_josephine
Temple:   mainiacjoe_temple_cubbyholes
Lair:1:   gammafunk_boulding_lane, layout_chaotic_city
Abyss:3:  base: D:3, evilmike_nicolae_abyss_rune_betentacled_crabyss,
          eino_small_chamber_without_monster,
          evilmike_nicolae_abyss_rune_betentacled_crabyss,
          nicolae_abyss_rune_left_handed

Skill      XL: |  1  2  3  4  5  6  7  8  9 10 11 12 13 |
---------------+----------------------------------------+-----
Stealth        | 1 2 3 4 5 6 8 9 10 | 10.0
Fighting       | 2 3 4 5 6 7 9 |  9.6
Spellcasting   | 2 3 5 6 7 8 9 |  9.8
Crossbows      | 3 4 |  4.0
Dodging        | 3 4 5 6 |  6.0
Evocations     | 1 3 4 |  4.0
Conjurations   | 2 6 8 9 10 | 10.2
Poison Magic   | 1 4 |  4.0
Air Magic      | 1 4 5 |  5.5
Earth Magic    | 3 |  3.0
Shields        | 4 |  4.0
Hexes          | |  3.0

Action                   |  1- 3 |  4- 6 |  7- 9 | 10-12 | 13-15 || total
-------------------------+-------+-------+-------+-------+-------++-------
Melee: Short sword       |    21 |    65 |    86 |   121 |    27 ||   320
       Constrict         |     6 |    15 |    17 |    25 |     8 ||    71
       Tentacles         |     2 |     8 |    17 |    26 |     6 ||    59
       Hunting sling     |       |       |       |     6 |       ||     6
       Scimitar          |       |       |       |     3 |       ||     3
 Fire: Hand crossbow     |    53 |    13 |    15 |     3 |       ||    84
       Hunting sling     |       |    23 |   135 |   299 |     2 ||   459
Throw: Throwing net      |       |       |       |     2 |       ||     2
       Dart              |       |       |       |     2 |       ||     2
 Cast: Mephitic Cloud    |       |       |       |   137 |     9 ||   146
       Slow              |       |       |       |     6 |       ||     6
       Stone Arrow       |       |       |       |    31 |    10 ||    41
       Conjure Flame     |       |       |       |     4 |     2 ||     6
 Abil: Evoke Blink       |       |       |       |     7 |     1 ||     8
Evoke: Wand              |       |       |       |    23 |       ||    23
  Use: Scroll            |       |       |     6 |     7 |     1 ||    14
       Potion            |       |       |     7 |     3 |       ||    10
 Stab: Sleeping          |     2 |    14 |     1 |     1 |       ||    18
       Distracted        |     1 |       |       |       |       ||     1
       Confused          |       |       |       |    13 |     2 ||    15
Armor: Skin              |     2 |     8 |     6 |     8 |     1 ||    25
Dodge: Dodged            |    27 |    32 |   129 |   272 |    18 ||   478
Block: Buckler           |       |       |       |     3 |     6 ||     9

Table legend: (Time is in decaauts)
 A = Elapsed time spent in this place.
 B = Non-inter-level travel time spent in this place.
 C = Inter-level travel time spent in this place.
 D = Time resting spent in this place.
 E = Time spent auto-exploring this place.
 F = Levels seen in this place.
 G = Mean time per level.
                   A        B        C        D        E       F      G
               +--------+--------+--------+--------+--------+-----+--------+
         Total |  21296 |  19523 |   1773 |   6299 |   5374 |  18 | 1183.1 |
       Dungeon |  20634 |  18944 |   1690 |   6049 |   5211 |  15 | 1375.6 |
        Temple |    258 |    175 |     83 |      0 |    163 |   1 |  258.0 |
          Lair |    156 |    156 |      0 |    111 |      0 |   1 |  156.0 |
         Abyss |    247 |    247 |      0 |    139 |      0 |   1 |  247.0 |
               +--------+--------+--------+--------+--------+-----+--------+

Top non-repeatable levels by time:
     D:8: 3322 daAuts
     D:7: 2653 daAuts
     D:9: 1804 daAuts
    D:11: 1772 daAuts
     D:5: 1555 daAuts
     D:1: 1265 daAuts
     D:4: 1249 daAuts
    D:12: 1208 daAuts
    D:10: 1162 daAuts
     D:2: 1144 daAuts
    D:14: 1028 daAuts
     D:3: 910 daAuts
    D:13: 756 daAuts
     D:6: 738 daAuts
  Temple: 258 daAuts
